 Dungeon Crawl Stone Soup version 0.31-a0-626-g8143ab4f1d (webtiles) character file.

Game seed: 14049472269321070579

67 Newt the Trooper (level 4, -2/29 HPs)
             Began as a Gargoyle Fighter on Aug 24, 2023.
             Slain by a gnoll
             ... wielding a +0 halberd
              (5 damage)
             ... on level 3 of the Dungeon.
             The game lasted 00:01:35 (1499 turns).

Newt the Trooper (Gargoyle Fighter)                 Turns: 1499, Time: 00:01:36

Health: -2/29      AC: 10    Str: 28    XL:     4   Next: 16%
Magic:  4/4        EV:  9    Int:  8    God:
Gold:   79         SH:  4    Dex:  9    Spells: 3/3 levels left

rFire   . . .        o - +2 long sword (elec)
rCold   . . .        c - +0 buckler
rNeg    + . .        b - +0 scale mail
rPois   ∞            (no helmet)
rElec   +            (no cloak)
rCorr   .            (no gloves)
SInv    .            (no boots)
Will    .....        g - amulet of the acrobat Stlth
                     l - +6 ring of strength
HPRegen 0.24/turn    (no ring)
MPRegen 0.09/turn

%: acrobat
@: no status effects
A: sickness immunity, AC +3, negative energy resistance 1, electricity
resistance, torment resistance 1, petrification resistance
a: no special abilities


You were on level 3 of the Dungeon.
You visited 1 branch of the dungeon, and saw 3 of its levels.

You collected 79 gold pieces.

Inventory:

Hand Weapons
 a - a +0 flail
 o - a +2 long sword of electrocution (weapon)
Missiles
 e - 4 atropa-tipped darts
Armour
 b - a +0 scale mail (worn)
 c - a +0 buckler (worn)
Jewellery
 g - an amulet of the acrobat (around neck)
 l - a +6 ring of strength (left hand)
Wands
 m - a wand of paralysis (11)
Scrolls
 i - a scroll of teleportation
Potions
 d - a potion of might
 h - a potion of magic
 j - 2 potions of curing
 k - a potion of resistance {unknown}
 n - a potion of enlightenment {unknown}
 r - a potion of attraction {unknown}


   Skills:
 - Level 4.0 Fighting
 + Level 1.1 Long Blades
 - Level 3.4 Maces & Flails
 - Level 3.2 Armour
 - Level 3.2 Shields


You had 3 spell levels left.
You didn't know any spells.
Your spell library contained the following spells:

 Spells                   Type           Power      Damage    Failure   Level
 Ozocubu's Armour         Ice            0%         N/A       97%         3
 Summon Forest            Summ/Tloc      0%         N/A       100%        5
 Eringya's Noxious Bog    Tmut/Pois      0%         4d6       100%        6
 Ozocubu's Refrigeration  Ice            0%         4d7       100%        7
 Summon Hydra             Summ           0%         N/A       100%        7


Dungeon Overview and Level Annotations

Branches:
Dungeon (3/15)

Altars:


Innate Abilities, Weirdness & Mutations

You are immune to sickness and miasma.
Your stone body is resilient. (AC +3)
You are immune to poison.
You resist negative energy. (rN+)
You are resistant to electric shocks. (rElec)
You are resistant to unholy torment.
You are immune to petrification.


Message History

The hobgoblin barely misses you.
You hit the hobgoblin.
Lightning courses through the hobgoblin!
You kill the hobgoblin!
An endoplasm comes into view.
You see here a hobgoblin corpse.
You slash the endoplasm!
You kill the endoplasm!
You open the door. 3 gnolls and 2 orcs come into view.
The gnoll shouts! x3; The orc shouts! x2
A gnoll comes into view. It is wielding a +0 halberd.
Found a faded altar of an unknown god.
An orc wizard comes into view. It is wielding a +0 dagger.
The gnoll shouts!
The orc wizard shouts!
There is an open door here.
You slash the orc! Lightning courses through the orc!
You kill the orc!
The gnoll hits you from afar with a +0 halberd!
The gnoll completely misses you. The orc completely misses you.
The gnoll closely misses you.
Things that are here:
a +0 hand axe; an orc corpse You closely miss the gnoll.
The orc hits you but does no damage.
The gnoll hits you from afar with a +0 halberd.
The gnoll hits you but does no damage. The gnoll barely misses you.
You closely miss the gnoll. The gnoll hits you but does no damage.
You block the gnoll's attack. The orc hits you with a +0 short sword.
You barely miss the gnoll.
The gnoll hits you from afar with a +0 halberd!
* * * LOW HITPOINT WARNING * * *
The gnoll barely misses you.
The gnoll hits you from afar with a +0 halberd.
* * * LOW HITPOINT WARNING * * *
The orc hits you but does no damage.
The orc wizard mumbles some strange words.
The orc wizard flickers and vanishes!
Deactivating autopickup; reactivate with Ctrl-A.
The gnoll hits you from afar with a +0 halberd.
You die...

#############
####............
#...............
#.....##'##.....
#..8.##.@g# 8..
#..†##ggo..# .
#..##..{g###
##.##....##
#..#.....#.
#..#.._..#.
#..#.....#.
#..##⌠.⌠##.. #.
#...## #..#


You could see 4 gnolls and an orc.

Vanquished Creatures
  3 adders (D:2)
  A dart slug (D:2)
  An orc (D:3)
  5 endoplasms
  A giant cockroach (D:2)
  3 goblins
  6 hobgoblins
  A quokka (D:2)
  4 ball pythons
  3 bats
  2 frilled lizards (D:2)
  3 kobolds
  6 rats
39 creatures vanquished.

Notes
Turn   | Place    | Note
-------+----------+-------------------------------------------
     0 | D:1      | Newt the Gargoyle Fighter began the quest for the Orb.
     0 | D:1      | Reached XP level 1. HP: 14/14 MP: 1/1
   158 | D:1      | Reached XP level 2. HP: 20/20 MP: 2/2
   210 | D:1      | Reached skill level 4 in Fighting
   679 | D:2      | Reached XP level 3. HP: 21/24 MP: 3/3
  1085 | D:2      | Reached XP level 4. HP: 29/29 MP: 4/4
  1356 | D:2      | Reached skill level 1 in Long Blades
  1493 | D:3      | Found a faded altar of an unknown god.
  1499 | D:3      | Slain by a gnoll

Illustrated notes

Levels and vault maps discovered:
D:1:      lordsloth_arrival_two_stooges, layout_basic, nrook_campfire,
          solitary_fountain
D:2:      layout_basic
D:3:      layout_rooms, nicolae_overflow_ecumenical_swirl, pf_just_have_faith,
          basic_ecumenical_altar, hex_medium, minmay_misc_feat_alley,
          kennysheep_big_empty_room, columned_hall_lemuel

Skill      XL: |  1  2  3  4 |
---------------+-------------+-----
Fighting       | 4 |  4.0
Maces & Flails | 3 |  3.4
Long Blades    | 1 |  1.1
Armour         | |  3.2
Shields        | |  3.2

Action                     |  1- 3 |  4- 6 || total
---------------------------+-------+-------++-------
  Melee: Flail             |    88 |       ||    88
         Long sword        |    14 |    21 ||    35
    Use: Scroll            |     4 |     3 ||     7
 Armour: Scale mail        |    50 |     8 ||    58
  Dodge: Dodged            |    49 |    16 ||    65
  Block: Buckler           |    33 |     4 ||    37

Table legend: (Time is in decaauts)
 A = Elapsed time spent in this place.
 B = Non-inter-level travel time spent in this place.
 C = Inter-level travel time spent in this place.
 D = Time resting spent in this place.
 E = Time spent auto-exploring this place.
 F = Levels seen in this place.
 G = Mean time per level.
                   A        B        C        D        E       F      G
               +--------+--------+--------+--------+--------+-----+--------+
         Total |   1537 |   1492 |     45 |      0 |   1204 |   3 |  512.3 |
       Dungeon |   1537 |   1492 |     45 |      0 |   1204 |   3 |  512.3 |
               +--------+--------+--------+--------+--------+-----+--------+

Top non-repeatable levels by time:
     D:2: 776 daAuts
     D:1: 680 daAuts
     D:3: 80 daAuts
